New York Rangers vs St.Louis Blues
Created - Sunday, September 24, 2023 at 09:09
Goals
|
| New York Rangers |
0 |
1 |
1 |
0 |
1 |
3 |
| St.Louis Blues |
1 |
1 |
0 |
0 |
0 |
2 |
|
Shots
|
| New York Rangers |
9 |
13 |
7 |
0 |
5 |
29 |
| St.Louis Blues |
15 |
11 |
13 |
4 |
5 |
43 |
|
1st period
1. St.Louis Blues , Mark Stone 14 (Jake Sanderson 7, Jack Eichel 10) at 17:59
Penalties :
Mathew Barzal (NYR) for High sticking (Minor) at 4:02
2nd period
2. St.Louis Blues , Evander Kane 1 (Mikhail Sergachev 4, Jack Eichel 11) at 14:22 (PP)
3. New York Rangers , Pierre-Luc Dubois 11 (Mikael Granlund 9, David Kampf 5) at 15:36 (PP)
Penalties :
Tage Thompson (STL) for Holding (Minor) at 4:58, Alex Pietrangelo (STL) for Hooking (Minor) at 10:40, Pierre-Luc Dubois (NYR) for Roughing (Minor) at 13:45, Evander Kane (STL) for Holding (Minor) at 15:27
3rd period
4. New York Rangers , Artemi Panarin 14 (Adam Larsson 9, Cole Caufield 13) at 15:13 (PP)
Penalties :
Adam Pelech (STL) for Diving (Minor) at 11:10, Connor Hellebuyck (STL) for Slashing (Minor) at 14:22 - Alex Pietrangelo served the penalty
Overtime #1
No Goal
Penalties :
No Penalty
Shootout
New York Rangers, Artemi Panarin - Stopped by Connor Hellebuyck
St.Louis Blues, Elias Pettersson - Shot Misses the Net
New York Rangers, Cole Caufield - Stopped by Connor Hellebuyck
St.Louis Blues, Tage Thompson - Stopped by Tristan Jarry
New York Rangers, Pierre-Luc Dubois - Stopped by Connor Hellebuyck
St.Louis Blues, Alex Tuch - Stopped by Tristan Jarry
New York Rangers, Mark Giordano - Stopped by Connor Hellebuyck
St.Louis Blues, Jack Eichel - Stopped by Tristan Jarry
New York Rangers, David Kampf - Goal!
St.Louis Blues, Jake Guentzel - Stopped by Tristan Jarry
Penalties :
No Penalty
Goalie Stats
Tristan Jarry (NYR), 41 saves from 43 shots - (0.953), W, 3-1-0, 65:00 minutes
Connor Hellebuyck (STL), 27 saves from 29 shots - (0.931), OTL, 11-6-2, 65:00 minutes
Players Stats for New York Rangers
Player Name G A P +/- PIM S H SB GA TA FO MP PP MP PK MP
------------------------------------------------------------------------------------
Adam Larsson 0 1 1 -1 0 0 2 3 0 3 0/0 26:00 4:29 1:32
Andre Burakovsky 0 0 0 -1 0 4 0 1 0 0 0/0 15:24 2:21 0:00
Artemi Panarin 1 0 1 0 0 3 3 1 3 0 3/4 20:35 3:51 0:12
Cam Fowler 0 0 0 -1 0 0 0 2 1 0 0/0 20:27 0:00 0:55
Cole Caufield 0 1 1 0 0 3 0 0 0 0 0/0 18:56 3:51 0:00
Conor Garland 0 0 0 0 0 1 1 0 0 0 0/0 13:11 0:00 0:24
David Kampf 0 1 1 0 0 0 2 1 0 1 3/6 13:22 3:04 1:15
Dmitry Kulikov 0 0 0 0 0 0 1 2 0 0 0/0 18:39 0:00 0:00
Filip Chytil 0 0 0 -1 0 2 1 0 0 0 4/10 16:17 3:24 0:03
Gabriel Landeskog 0 0 0 -1 0 7 2 0 1 0 0/0 15:55 0:37 0:45
Jake McCabe 0 0 0 0 0 1 0 1 0 0 0/0 16:58 0:00 1:04
Jujhar Khaira 0 0 0 0 0 1 0 0 0 0 0/0 8:19 0:00 0:00
Mark Giordano 0 0 0 0 0 0 2 3 0 0 0/0 22:39 2:28 0:37
Mathew Barzal 0 0 0 0 2 3 0 1 1 1 0/0 23:45 4:29 0:00
Matthew Benning 0 0 0 0 0 1 1 1 0 0 0/0 17:33 0:07 1:04
Mikael Granlund 0 1 1 0 0 1 0 0 0 0 4/12 17:01 3:06 0:24
Pierre-Luc Dubois 1 0 1 0 2 2 1 1 1 0 12/33 22:34 2:58 0:54
Tyler Motte 0 0 0 0 0 0 0 1 0 0 0/0 9:47 0:00 1:15
Players Stats for St.Louis Blues
Player Name G A P +/- PIM S H SB GA TA FO MP PP MP PK MP
------------------------------------------------------------------------------------
Adam Pelech 0 0 0 0 2 2 1 0 0 0 0/0 13:44 0:00 2:06
Alex Pietrangelo 0 0 0 1 2 3 0 1 0 1 0/0 26:28 1:24 0:00
Alex Tuch 0 0 0 0 0 3 3 0 2 1 1/3 18:07 1:05 0:00
Colton Parayko 0 0 0 0 0 1 0 3 0 1 0/0 22:15 0:00 3:17
Elias Pettersson 0 0 0 0 0 2 2 0 1 0 1/2 18:38 1:03 0:24
Evander Kane 1 0 1 0 2 4 1 0 1 0 1/1 13:45 0:37 0:00
Jack Eichel 0 2 2 1 0 5 1 0 1 1 6/12 15:44 0:59 0:00
Jake Guentzel 0 0 0 1 0 3 3 0 0 0 0/0 15:38 1:05 0:17
Jake Sanderson 0 1 1 1 0 5 0 2 0 0 0/0 28:16 0:00 3:44
Lawson Crouse 0 0 0 0 0 3 2 0 0 1 1/1 17:24 0:00 3:07
Mark Stone 1 0 1 1 0 3 1 0 0 1 1/2 15:22 1:24 0:00
Mikhail Sergachev 0 1 1 0 0 2 0 0 0 0 0/0 21:38 0:37 0:57
Nick Leddy 0 0 0 0 0 0 1 0 0 0 0/0 15:40 0:35 3:50
Nico Sturm 0 0 0 0 0 0 0 1 0 0 7/9 12:20 0:34 3:07
Robert Thomas 0 0 0 0 0 1 0 0 0 0 14/17 15:47 0:37 0:00
Sean Kuraly 0 0 0 0 0 0 1 0 0 0 1/3 11:51 0:41 3:27
Tage Thompson 0 0 0 0 2 5 2 0 0 1 6/15 18:25 1:25 0:00
Yanni Gourde 0 0 0 0 0 1 1 1 0 0 0/0 11:57 0:54 3:32
3 Stars
1 - Tristan Jarry (NYR)
2 - Artemi Panarin (NYR)
3 - Jack Eichel (STL)
Power Play
New York Rangers - 2 on 5 Attempt(s) - 40.00%
St.Louis Blues - 1 on 2 Attempt(s) - 50.00%
Penalty Kill
New York Rangers - 1 on 2 Attempt(s) - 50.00%
- Score 0 goal in Penalty Kill
St.Louis Blues - 3 on 5 Attempt(s) - 60.00%
- Score 0 goal in Penalty Kill
Team Stat
New York Rangers - Hits : 16 - Faceoff Wins : 26 - Blocked Shots : 18 - Penalty Minutes : 4
St.Louis Blues - Hits : 19 - Faceoff Wins : 39 - Blocked Shots : 8 - Penalty Minutes : 10
Official
Referees : Gord Dwyer and TJ Luxmore
Linesman : Brian Murphy and Lonnie Cameron
Game Notes
3:57 of 1st period - St.Louis Blues goal is going for a video replay. After video review, No Goal. The net was displaced accidentally.
Finance
Level 1 -- Attendance: 5254 (87.57%) -- Ticket Income $509,638
Level 2 -- Attendance: 5000 (100.00%) -- Ticket Income $285,000
Level 3 -- Attendance: 2907 (96.90%) -- Ticket Income $98,838
Level 4 -- Attendance: 4988 (99.76%) -- Ticket Income $114,724
Luxury Box -- Attendance: 949 (94.90%) -- Ticket Income $184,106
Game was played at the Scottrade Center.
Total Attendance: 19098 (95.49%)
Total Ticket Income: $1,192,306
Other Income: $417,307
Total Income: $1,609,613
New York Rangers
5 vs 5 Forward
Center Left Wing Right Wing Time % Phy DF OF
1 Pierre-Luc Dubois Artemi Panarin Mathew Barzal 35 0 1 4
2 Filip Chytil Gabriel Landeskog Andre Burakovsky 30 1 1 3
3 Mikael Granlund Cole Caufield Conor Garland 23 1 2 2
4 David Kampf Jujhar Khaira Tyler Motte 12 1 3 1
5 vs 5 Defense
Defense Defense Time % Phy DF OF
1 Cam Fowler Adam Larsson 35 1 2 2
2 Dmitry Kulikov Mark Giordano 33 1 2 2
3 Matthew Benning Jake McCabe 32 1 2 2
4 Cam Fowler Adam Larsson 0 1 2 2
PowerPlay Forward
Center Left Wing Right Wing Time % Phy DF OF
1 David Kampf Pierre-Luc Dubois Mikael Granlund 50 0 1 4
2 Artemi Panarin Filip Chytil Cole Caufield 50 0 1 4
PowerPlay Defense
Defense Defense Time % Phy DF OF
1 Mathew Barzal Adam Larsson 60 1 1 3
2 Andre Burakovsky Mark Giordano 40 1 1 3
Penalty Kill 4 Players Forward
Center Wing Time % Phy DF OF
1 David Kampf Tyler Motte 50 1 3 1
2 Mikael Granlund Conor Garland 50 1 3 1
Penalty Kill 4 Players Defense
Defense Defense Time % Phy DF OF
1 Matthew Benning Dmitry Kulikov 50 1 3 1
2 Adam Larsson Mark Giordano 50 1 3 1
Penalty Kill - 3 Players Forward
Forward Time % Phy DF OF
1 Mikael Granlund 50 1 2 2
2 David Kampf 50 1 2 2
Penalty Kill - 3 Players Defense
Defense Defense Time % Phy DF OF
1 Matthew Benning Dmitry Kulikov 50 1 3 1
2 Adam Larsson Mark Giordano 50 1 3 1
4 vs 4 Forward
Center Wing Time % Phy DF OF
1 David Kampf Cole Caufield 50 0 2 3
2 Pierre-Luc Dubois Mathew Barzal 50 0 2 3
4 vs 4 Defense
Defense Defense Time % Phy DF OF
1 Cam Fowler Adam Larsson 50 1 2 2
2 Dmitry Kulikov Mark Giordano 50 1 2 2
Last Minutes Offensive
Center Left Wing Right Wing Defense Defense
Mathew Barzal Artemi Panarin Pierre-Luc Dubois Cam Fowler Adam Larsson
Last Minutes Defensive
Center Left Wing Right Wing Defense Defense
David Kampf Tyler Motte Mikael Granlund Dmitry Kulikov Adam Larsson
Goaltenders
Starting : Tristan Jarry
Backup : Igor Shesterkin
Extra Forwards
Normal : David Kampf, Pierre-Luc Dubois, Gabriel Landeskog - PP : Gabriel Landeskog, Cole Caufield - PK : David Kampf
Extra Defensemen
Normal : Matthew Benning, Jake McCabe, Dmitry Kulikov - PP : Matthew Benning - PK : Jake McCabe, Dmitry Kulikov
Penalty Shots
Artemi Panarin, Cole Caufield, Pierre-Luc Dubois, Mark Giordano, David Kampf
St.Louis Blues
5 vs 5 Forward
Center Left Wing Right Wing Time % Phy DF OF
1 Tage Thompson Elias Pettersson Alex Tuch 30 0 2 3
2 Jack Eichel Jake Guentzel Mark Stone 30 0 2 3
3 Robert Thomas Lawson Crouse Evander Kane 25 1 2 2
4 Nico Sturm Sean Kuraly Yanni Gourde 15 1 2 2
5 vs 5 Defense
Defense Defense Time % Phy DF OF
1 Jake Sanderson Alex Pietrangelo 40 1 2 2
2 Mikhail Sergachev Colton Parayko 30 1 2 2
3 Nick Leddy Adam Pelech 20 1 2 2
4 Jake Sanderson Alex Pietrangelo 10 1 2 2
PowerPlay Forward
Center Left Wing Right Wing Time % Phy DF OF
1 Elias Pettersson Alex Tuch Jake Guentzel 50 1 0 4
2 Robert Thomas Jack Eichel Evander Kane 50 1 0 4
PowerPlay Defense
Defense Defense Time % Phy DF OF
1 Tage Thompson Mikhail Sergachev 50 0 1 4
2 Alex Pietrangelo Mark Stone 50 0 1 4
Penalty Kill 4 Players Forward
Center Wing Time % Phy DF OF
1 Sean Kuraly Yanni Gourde 50 1 4 0
2 Nico Sturm Lawson Crouse 50 1 4 0
Penalty Kill 4 Players Defense
Defense Defense Time % Phy DF OF
1 Adam Pelech Colton Parayko 50 1 4 0
2 Jake Sanderson Nick Leddy 50 1 4 0
Penalty Kill - 3 Players Forward
Forward Time % Phy DF OF
1 Sean Kuraly 50 0 5 0
2 Nico Sturm 50 0 5 0
Penalty Kill - 3 Players Defense
Defense Defense Time % Phy DF OF
1 Adam Pelech Colton Parayko 50 0 5 0
2 Jake Sanderson Nick Leddy 50 0 5 0
4 vs 4 Forward
Center Wing Time % Phy DF OF
1 Elias Pettersson Tage Thompson 50 0 2 3
2 Robert Thomas Alex Tuch 50 0 2 3
4 vs 4 Defense
Defense Defense Time % Phy DF OF
1 Jake Sanderson Alex Pietrangelo 50 0 3 2
2 Colton Parayko Mikhail Sergachev 50 0 3 2
Last Minutes Offensive
Center Left Wing Right Wing Defense Defense
Robert Thomas Elias Pettersson Tage Thompson Alex Tuch Mikhail Sergachev
Last Minutes Defensive
Center Left Wing Right Wing Defense Defense
Nico Sturm Sean Kuraly Yanni Gourde Jake Sanderson Colton Parayko
Goaltenders
Starting : Connor Hellebuyck
Backup : Scott Wedgewood
Extra Forwards
Normal : Nico Sturm, Robert Thomas, Lawson Crouse - PP : Nico Sturm, Robert Thomas - PK : Lawson Crouse
Extra Defensemen
Normal : Nick Leddy, Jake Sanderson, Colton Parayko - PP : Nick Leddy - PK : Jake Sanderson, Colton Parayko
Penalty Shots
Elias Pettersson, Tage Thompson, Alex Tuch, Jack Eichel, Jake Guentzel
% Time on Ice - New York Rangers
Lines # - Real PCT - Wanted PCT - Time Play
Normal Forward
1 - 33% - 35% - 16:25
2 - 26% - 30% - 12:56
3 - 25% - 23% - 12:47
4 - 16% - 12% - 8:19
Normal Defense
1 - 35% - 35% - 17:54
2 - 33% - 33% - 16:54
3 - 31% - 32% - 15:39
4 - 0% - 0% - 0:00
PP Forward
1 - 45% - 50% - 3:06
2 - 55% - 50% - 3:51
PP Defense
1 - 65% - 60% - 4:29
2 - 35% - 40% - 2:28
PK Forward
1 - 72% - 50% - 1:52
2 - 28% - 50% - 0:44
PK Defense
1 - 41% - 50% - 1:04
2 - 59% - 50% - 1:32
PK3 Forward
1 - 0% - 50%
2 - 0% - 50%
PK3 Defense
1 - 0% - 50%
2 - 0% - 50%
44 Forward
1 - 51% - 50% - 2:34
2 - 49% - 50% - 2:26
44 Defense
1 - 44% - 50% - 2:13
2 - 56% - 50% - 2:47
Last Minute Offensive - 0:00
Last Minute Defensive - 0:00
Total
Forward - 65:00
Defense - 65:00
|
% Time on Ice - St.Louis Blues
Lines # - Real PCT - Wanted PCT - Time Play
Normal Forward
1 - 30% - 30% - 15:13
2 - 29% - 30% - 14:43
3 - 26% - 25% - 13:00
4 - 15% - 15% - 7:31
Normal Defense
1 - 40% - 40% - 19:59
2 - 32% - 30% - 16:13
3 - 21% - 20% - 10:25
4 - 8% - 10% - 3:50
PP Forward
1 - 76% - 50% - 1:59
2 - 24% - 50% - 0:37
PP Defense
1 - 46% - 50% - 1:12
2 - 54% - 50% - 1:24
PK Forward
1 - 51% - 50% - 3:33
2 - 49% - 50% - 3:24
PK Defense
1 - 59% - 50% - 4:05
2 - 41% - 50% - 2:52
PK3 Forward
1 - 0% - 50%
2 - 0% - 50%
PK3 Defense
1 - 0% - 50%
2 - 0% - 50%
44 Forward
1 - 51% - 50% - 2:34
2 - 49% - 50% - 2:26
44 Defense
1 - 50% - 50% - 2:31
2 - 50% - 50% - 2:29
Last Minute Offensive - 0:00
Last Minute Defensive - 0:00
Total
Forward - 65:00
Defense - 65:00
|
Play-by-Play
1st period
0:01 of 1st period - Pierre-Luc Dubois wins face-off versus Tage Thompson in neutral zone.
0:32 of 1st period - Snap shot by Jake Guentzel.
0:32 of 1st period - Shot Blocked by Adam Larsson.
0:34 of 1st period - Snap shot by Jack Eichel.
0:34 of 1st period - Stopped by Tristan Jarry with a rebound.
0:36 of 1st period - Snap shot by Jake Guentzel.
0:36 of 1st period - Deflect By Jack Eichel.
0:36 of 1st period - Shot Blocked by Cam Fowler.
0:36 of 1st period - Puck is out of play.
0:37 of 1st period - Robert Thomas wins face-off versus Mikael Granlund in New York Rangers zone.
0:38 of 1st period - Wrist shot by Lawson Crouse.
0:38 of 1st period - Shot Misses the Net.
0:40 of 1st period - Slapshot by Colton Parayko.
0:40 of 1st period - Shot Misses the Net.
0:42 of 1st period - Snap shot by Robert Thomas.
0:42 of 1st period - Shot Blocked by Mark Giordano.
0:44 of 1st period - Snap shot by Colton Parayko.
0:44 of 1st period - Shot Misses the Net.
0:46 of 1st period - Snap shot by Lawson Crouse.
0:46 of 1st period - Stopped by Tristan Jarry without a rebound.
0:47 of 1st period - Robert Thomas wins face-off versus Mikael Granlund in New York Rangers zone.
1:24 of 1st period - Slapshot by Cole Caufield.
1:24 of 1st period - Stopped by Connor Hellebuyck with a rebound.
1:44 of 1st period - Wrist shot by Lawson Crouse.
1:44 of 1st period - Deflect By Evander Kane.
1:44 of 1st period - Stopped by Tristan Jarry with a rebound.
1:46 of 1st period - Wrist shot by Robert Thomas.
1:46 of 1st period - Shot Blocked by Mark Giordano.
1:48 of 1st period - Wrist shot by Mikhail Sergachev.
1:48 of 1st period - Shot Blocked by Mark Giordano.
2:13 of 1st period - Wrist shot by Evander Kane.
2:13 of 1st period - Shot Misses the Net.
2:31 of 1st period - Snap shot by Cole Caufield.
2:31 of 1st period - Shot Blocked by Colton Parayko.
2:45 of 1st period - Slapshot by Evander Kane.
2:45 of 1st period - Shot Blocked by Dmitry Kulikov.
2:47 of 1st period - Slapshot by Colton Parayko.
2:47 of 1st period - Shot Misses the Net.
2:49 of 1st period - Slapshot by Lawson Crouse.
2:49 of 1st period - Stopped by Tristan Jarry with a rebound.
3:24 of 1st period - Robert Thomas is hit by Mark Giordano and loses puck.
3:55 of 1st period - Snap shot by Evander Kane.
3:55 of 1st period - Shot Misses the Net.
3:57 of 1st period - Snap shot by Evander Kane.
3:57 of 1st period - St.Louis Blues goal is going for a video replay.
3:57 of 1st period - The goal is refused. The net was displaced accidentally..
3:58 of 1st period - Jack Eichel wins face-off versus Pierre-Luc Dubois in New York Rangers zone.
3:59 of 1st period - Wrist shot by Jake Guentzel.
3:59 of 1st period - Stopped by Tristan Jarry without a rebound.
4:00 of 1st period - Pierre-Luc Dubois wins face-off versus Jack Eichel in New York Rangers zone.
4:02 of 1st period - Minor Penalty to Mathew Barzal for High sticking.
4:03 of 1st period - David Kampf wins face-off versus Elias Pettersson in New York Rangers zone.
5:00 of 1st period - Tyler Motte is hit by Yanni Gourde and loses puck.
6:02 of 1st period - Penalty to Mathew Barzal is over, Mathew Barzal is back on ice.
12:49 of 1st period - Jake Sanderson is hit by David Kampf and loses puck.
13:44 of 1st period - Jake Guentzel is hit by Artemi Panarin and loses puck.
14:26 of 1st period - Jake Sanderson is hit by Mark Giordano.
15:06 of 1st period - David Kampf is hit by Evander Kane and loses puck.
15:35 of 1st period - Icing by Andre Burakovsky.
15:36 of 1st period - Jack Eichel wins face-off versus Pierre-Luc Dubois in New York Rangers zone.
15:37 of 1st period - Slapshot by Jake Guentzel.
15:37 of 1st period - Shot Blocked by Dmitry Kulikov.
15:49 of 1st period - Wrist shot by Jake Guentzel.
15:49 of 1st period - Stopped by Tristan Jarry with a rebound.
15:51 of 1st period - Slapshot by Adam Pelech.
15:51 of 1st period - Stopped by Tristan Jarry with a rebound.
16:01 of 1st period - Andre Burakovsky is hit by Tage Thompson and loses puck.
16:06 of 1st period - Snap shot by Tage Thompson.
16:06 of 1st period - Shot Misses the Net.
16:08 of 1st period - Snap shot by Tage Thompson.
16:08 of 1st period - Shot Misses the Net.
16:12 of 1st period - Snap shot by Elias Pettersson.
16:12 of 1st period - Stopped by Tristan Jarry without a rebound.
16:13 of 1st period - Jack Eichel wins face-off versus Pierre-Luc Dubois in New York Rangers zone.
16:14 of 1st period - Wrist shot by Jake Guentzel.
16:14 of 1st period - Stopped by Tristan Jarry with a rebound.
16:16 of 1st period - Snap shot by Jack Eichel.
16:16 of 1st period - Shot Misses the Net.
16:20 of 1st period - Snap shot by Jack Eichel.
16:20 of 1st period - Stopped by Tristan Jarry without a rebound.
16:21 of 1st period - Jack Eichel wins face-off versus Pierre-Luc Dubois in New York Rangers zone.
16:32 of 1st period - Artemi Panarin is hit by Jake Guentzel and loses puck.
16:37 of 1st period - Wrist shot by Jake Guentzel.
16:37 of 1st period - Shot Blocked by Adam Larsson.
16:39 of 1st period - Wrist shot by Jack Eichel.
16:39 of 1st period - Shot Misses the Net.
16:41 of 1st period - Slapshot by Jake Sanderson.
16:41 of 1st period - Shot Misses the Net.
16:43 of 1st period - Snap shot by Jack Eichel.
16:43 of 1st period - Shot Blocked by Artemi Panarin.
16:45 of 1st period - Snap shot by Jack Eichel.
16:45 of 1st period - Stopped by Tristan Jarry without a rebound.
16:46 of 1st period - Tage Thompson wins face-off versus Filip Chytil in New York Rangers zone.
16:57 of 1st period - Wrist shot by Gabriel Landeskog.
16:57 of 1st period - Shot Misses the Net.
16:59 of 1st period - Snap shot by Andre Burakovsky.
16:59 of 1st period - Stopped by Connor Hellebuyck without a rebound.
17:00 of 1st period - Pierre-Luc Dubois wins face-off versus Tage Thompson in St.Louis Blues zone.
17:01 of 1st period - Snap shot by Artemi Panarin.
17:01 of 1st period - Shot Misses the Net.
17:03 of 1st period - Snap shot by Artemi Panarin.
17:03 of 1st period - Stopped by Connor Hellebuyck with a rebound.
17:13 of 1st period - Wrist shot by Mathew Barzal.
17:13 of 1st period - Stopped by Connor Hellebuyck with a rebound.
17:15 of 1st period - Slapshot by Pierre-Luc Dubois.
17:15 of 1st period - Stopped by Connor Hellebuyck without a rebound.
17:16 of 1st period - Filip Chytil wins face-off versus Jack Eichel in St.Louis Blues zone.
17:25 of 1st period - Wrist shot by Gabriel Landeskog.
17:25 of 1st period - Stopped by Connor Hellebuyck with a rebound.
17:27 of 1st period - Snap shot by Gabriel Landeskog.
17:27 of 1st period - Stopped by Connor Hellebuyck with a rebound.
17:31 of 1st period - Wrist shot by Andre Burakovsky.
17:31 of 1st period - Stopped by Connor Hellebuyck without a rebound.
17:32 of 1st period - Pierre-Luc Dubois wins face-off versus Tage Thompson in St.Louis Blues zone.
17:49 of 1st period - Slapshot by Jake Sanderson.
17:49 of 1st period - Deflect By Tage Thompson.
17:49 of 1st period - Shot Blocked by Pierre-Luc Dubois.
17:49 of 1st period - Puck is out of play.
17:50 of 1st period - Mark Stone wins face-off versus Filip Chytil in New York Rangers zone.
17:51 of 1st period - Slapshot by Jack Eichel.
17:51 of 1st period - Shot Hit the Post.
17:55 of 1st period - Snap shot by Mark Stone.
17:55 of 1st period - Stopped by Tristan Jarry with a rebound.
17:57 of 1st period - Slapshot by Jake Sanderson.
17:57 of 1st period - Stopped by Tristan Jarry with a rebound.
17:59 of 1st period - Snap shot by Mark Stone.
17:59 of 1st period - Goal by Mark Stone - New York Rangers : 0 - St.Louis Blues : 1.
18:00 of 1st period - Tage Thompson wins face-off versus Pierre-Luc Dubois in neutral zone.
18:37 of 1st period - Snap shot by Cam Fowler.
18:37 of 1st period - Shot Blocked by Jake Sanderson.
18:55 of 1st period - Wrist shot by Yanni Gourde.
18:55 of 1st period - Shot Misses the Net.
19:30 of 1st period - Slapshot by Alex Tuch.
19:30 of 1st period - Shot Blocked by Jake McCabe.
19:41 of 1st period - Icing by Nick Leddy.
19:42 of 1st period - Tage Thompson wins face-off versus Filip Chytil in St.Louis Blues zone.
19:55 of 1st period - Snap shot by Filip Chytil.
19:55 of 1st period - Stopped by Connor Hellebuyck with a rebound.
Goals for this period are 0 for New York Rangers vs 1 for St.Louis Blues.
Shots for this period are 9 for New York Rangers vs 15 for St.Louis Blues.
2nd period
0:01 of 2nd period - Jack Eichel wins face-off versus Pierre-Luc Dubois in neutral zone.
0:03 of 2nd period - Off-side.
0:04 of 2nd period - Jack Eichel wins face-off versus Pierre-Luc Dubois in neutral zone.
0:43 of 2nd period - Slapshot by Gabriel Landeskog.
0:43 of 2nd period - Stopped by Connor Hellebuyck without a rebound.
0:44 of 2nd period - Nico Sturm wins face-off versus Mikael Granlund in St.Louis Blues zone.
0:57 of 2nd period - Slapshot by Mikael Granlund.
0:57 of 2nd period - Stopped by Connor Hellebuyck with a rebound.
1:09 of 2nd period - Mark Giordano is hit by Tage Thompson and loses puck.
1:34 of 2nd period - Nick Leddy is hit by Dmitry Kulikov and loses puck.
1:43 of 2nd period - Andre Burakovsky is hit by Nick Leddy and loses puck.
2:06 of 2nd period - Wrist shot by David Kampf.
2:06 of 2nd period - Deflect By Jujhar Khaira.
2:06 of 2nd period - Stopped by Connor Hellebuyck with a rebound.
2:20 of 2nd period - Snap shot by David Kampf.
2:20 of 2nd period - Shot Blocked by Yanni Gourde.
2:22 of 2nd period - Wrist shot by Jake McCabe.
2:22 of 2nd period - Stopped by Connor Hellebuyck with a rebound.
2:24 of 2nd period - Slapshot by Matthew Benning.
2:24 of 2nd period - Deflect By Alex Pietrangelo.
2:24 of 2nd period - Stopped by Connor Hellebuyck with a rebound.
2:51 of 2nd period - Wrist shot by Elias Pettersson.
2:51 of 2nd period - Shot Misses the Net.
3:05 of 2nd period - Snap shot by Gabriel Landeskog.
3:05 of 2nd period - Stopped by Connor Hellebuyck without a rebound.
3:06 of 2nd period - Filip Chytil wins face-off versus Jack Eichel in St.Louis Blues zone.
3:11 of 2nd period - Snap shot by Gabriel Landeskog.
3:11 of 2nd period - Shot Misses the Net.
4:20 of 2nd period - Snap shot by Andre Burakovsky.
4:20 of 2nd period - Shot Misses the Net.
4:22 of 2nd period - Snap shot by Gabriel Landeskog.
4:22 of 2nd period - Stopped by Connor Hellebuyck with a rebound.
4:24 of 2nd period - Backhand shot by Adam Larsson.
4:24 of 2nd period - Shot Blocked by Colton Parayko.
4:34 of 2nd period - Snap shot by Gabriel Landeskog.
4:34 of 2nd period - Stopped by Connor Hellebuyck without a rebound.
4:35 of 2nd period - Tage Thompson wins face-off versus Pierre-Luc Dubois in St.Louis Blues zone.
4:46 of 2nd period - Slapshot by Tage Thompson.
4:46 of 2nd period - Shot Blocked by Matthew Benning.
4:58 of 2nd period - Minor Penalty to Tage Thompson for Holding.
4:59 of 2nd period - Sean Kuraly wins face-off versus David Kampf in St.Louis Blues zone.
6:58 of 2nd period - Penalty to Tage Thompson is over, Tage Thompson is back on ice.
7:42 of 2nd period - David Kampf is hit by Adam Pelech and loses puck.
7:49 of 2nd period - Adam Pelech is hit by David Kampf and loses puck.
8:04 of 2nd period - Backhand shot by Alex Pietrangelo.
8:04 of 2nd period - Stopped by Tristan Jarry without a rebound.
8:05 of 2nd period - Pierre-Luc Dubois wins face-off versus Robert Thomas in New York Rangers zone.
8:20 of 2nd period - Nico Sturm is hit by Matthew Benning and loses puck.
8:43 of 2nd period - Slapshot by Tage Thompson.
8:43 of 2nd period - Stopped by Tristan Jarry with a rebound.
8:45 of 2nd period - Wrist shot by Colton Parayko.
8:45 of 2nd period - Shot Misses the Net.
8:47 of 2nd period - Wrist shot by Mikhail Sergachev.
8:47 of 2nd period - Stopped by Tristan Jarry with a rebound.
8:49 of 2nd period - Slapshot by Mikhail Sergachev.
8:49 of 2nd period - Stopped by Tristan Jarry without a rebound.
8:50 of 2nd period - Robert Thomas wins face-off versus Pierre-Luc Dubois in New York Rangers zone.
9:51 of 2nd period - Icing by Cole Caufield.
9:52 of 2nd period - Mikael Granlund wins face-off versus Tage Thompson in New York Rangers zone.
10:23 of 2nd period - Slapshot by Cole Caufield.
10:23 of 2nd period - Stopped by Connor Hellebuyck without a rebound.
10:24 of 2nd period - Pierre-Luc Dubois wins face-off versus Robert Thomas in St.Louis Blues zone.
10:31 of 2nd period - Wrist shot by Mathew Barzal.
10:31 of 2nd period - Shot Misses the Net.
10:33 of 2nd period - Wrist shot by Mathew Barzal.
10:33 of 2nd period - Stopped by Connor Hellebuyck with a rebound.
10:35 of 2nd period - Wrist shot by Artemi Panarin.
10:35 of 2nd period - Deflect By Mathew Barzal.
10:35 of 2nd period - Stopped by Connor Hellebuyck without a rebound.
10:36 of 2nd period - Pierre-Luc Dubois wins face-off versus Tage Thompson in St.Louis Blues zone.
10:40 of 2nd period - Minor Penalty to Alex Pietrangelo for Hooking.
10:41 of 2nd period - Filip Chytil wins face-off versus Sean Kuraly in St.Louis Blues zone.
12:16 of 2nd period - Adam Pelech is hit by Filip Chytil and loses puck.
12:40 of 2nd period - Penalty to Alex Pietrangelo is over, Alex Pietrangelo is back on ice.
13:32 of 2nd period - Wrist shot by Tage Thompson.
13:32 of 2nd period - Stopped by Tristan Jarry without a rebound.
13:33 of 2nd period - Tage Thompson wins face-off versus Pierre-Luc Dubois in New York Rangers zone.
13:45 of 2nd period - Minor Penalty to Pierre-Luc Dubois for Roughing.
13:46 of 2nd period - Evander Kane wins face-off versus Mikael Granlund in New York Rangers zone.
13:52 of 2nd period - Wrist shot by Jack Eichel.
13:52 of 2nd period - Stopped by Tristan Jarry without a rebound.
13:53 of 2nd period - Robert Thomas wins face-off versus Mikael Granlund in New York Rangers zone.
14:20 of 2nd period - Snap shot by Mikhail Sergachev.
14:20 of 2nd period - Shot Blocked by Tyler Motte.
14:22 of 2nd period - Snap shot by Evander Kane.
14:22 of 2nd period - Goal by Evander Kane - New York Rangers : 0 - St.Louis Blues : 2.
14:23 of 2nd period - Alex Tuch wins face-off versus Pierre-Luc Dubois in neutral zone.
14:26 of 2nd period - Wrist shot by Elias Pettersson.
14:26 of 2nd period - Shot Blocked by Cam Fowler.
14:28 of 2nd period - Snap shot by Alex Pietrangelo.
14:28 of 2nd period - Deflect By Mathew Barzal.
14:28 of 2nd period - Stopped by Tristan Jarry without a rebound.
14:29 of 2nd period - Artemi Panarin wins face-off versus Tage Thompson in New York Rangers zone.
14:29 of 2nd period - Artemi Panarin is hit by Alex Tuch.
14:45 of 2nd period - Adam Larsson is hit by Elias Pettersson and loses puck.
15:27 of 2nd period - Minor Penalty to Evander Kane for Holding.
15:28 of 2nd period - David Kampf wins face-off versus Sean Kuraly in St.Louis Blues zone.
15:36 of 2nd period - Wrist shot by Mikael Granlund.
15:36 of 2nd period - Deflect By Pierre-Luc Dubois.
15:36 of 2nd period - Goal by Pierre-Luc Dubois - New York Rangers : 1 - St.Louis Blues : 2.
15:37 of 2nd period - Pierre-Luc Dubois wins face-off versus Jack Eichel in neutral zone.
15:54 of 2nd period - Snap shot by Jack Eichel.
15:54 of 2nd period - Shot Misses the Net.
17:24 of 2nd period - Jake Guentzel is hit by Adam Larsson and loses puck.
17:43 of 2nd period - Snap shot by Mikael Granlund.
17:43 of 2nd period - Shot Blocked by Colton Parayko.
17:45 of 2nd period - Snap shot by Cole Caufield.
17:45 of 2nd period - Shot Misses the Net.
17:47 of 2nd period - Wrist shot by Conor Garland.
17:47 of 2nd period - Shot Misses the Net.
18:04 of 2nd period - Slapshot by Mikhail Sergachev.
18:04 of 2nd period - Deflect By Tage Thompson.
18:04 of 2nd period - Shot Misses the Net.
18:04 of 2nd period - Puck is out of play.
18:05 of 2nd period - Pierre-Luc Dubois wins face-off versus Tage Thompson in New York Rangers zone.
18:12 of 2nd period - Snap shot by Alex Tuch.
18:12 of 2nd period - Stopped by Tristan Jarry with a rebound.
18:14 of 2nd period - Snap shot by Elias Pettersson.
18:14 of 2nd period - Shot Misses the Net.
18:16 of 2nd period - Slapshot by Alex Pietrangelo.
18:16 of 2nd period - Stopped by Tristan Jarry with a rebound.
18:18 of 2nd period - Slapshot by Jake Sanderson.
18:18 of 2nd period - Stopped by Tristan Jarry without a rebound.
18:19 of 2nd period - Robert Thomas wins face-off versus Pierre-Luc Dubois in New York Rangers zone.
18:36 of 2nd period - Wrist shot by Lawson Crouse.
18:36 of 2nd period - Shot Misses the Net.
18:56 of 2nd period - Snap shot by Gabriel Landeskog.
18:56 of 2nd period - Shot Misses the Net.
18:58 of 2nd period - Snap shot by Filip Chytil.
18:58 of 2nd period - Stopped by Connor Hellebuyck without a rebound.
18:59 of 2nd period - Robert Thomas wins face-off versus Mikael Granlund in St.Louis Blues zone.
19:25 of 2nd period - Cole Caufield is hit by Jake Guentzel and loses puck.
19:32 of 2nd period - Snap shot by Jack Eichel.
19:32 of 2nd period - Shot Blocked by Adam Larsson.
19:49 of 2nd period - Wrist shot by Mikael Granlund.
19:49 of 2nd period - Shot Misses the Net.
Goals for this period are 1 for New York Rangers vs 1 for St.Louis Blues.
Shots for this period are 13 for New York Rangers vs 11 for St.Louis Blues.
3rd period
0:01 of 3rd period - Nico Sturm wins face-off versus Pierre-Luc Dubois in neutral zone.
0:14 of 3rd period - Slapshot by Matthew Benning.
0:14 of 3rd period - Shot Blocked by Jake Sanderson.
0:17 of 3rd period - Icing by Alex Pietrangelo.
0:18 of 3rd period - Nico Sturm wins face-off versus Filip Chytil in St.Louis Blues zone.
1:07 of 3rd period - Snap shot by Yanni Gourde.
1:07 of 3rd period - Stopped by Tristan Jarry without a rebound.
1:08 of 3rd period - Tage Thompson wins face-off versus Pierre-Luc Dubois in New York Rangers zone.
1:45 of 3rd period - Snap shot by Mark Stone.
1:45 of 3rd period - Deflect By Artemi Panarin.
1:45 of 3rd period - Stopped by Tristan Jarry with a rebound.
2:09 of 3rd period - Matthew Benning is hit by Lawson Crouse and loses puck.
2:16 of 3rd period - Lawson Crouse is hit by Gabriel Landeskog and loses puck.
3:35 of 3rd period - Snap shot by Tage Thompson.
3:35 of 3rd period - Deflect By Elias Pettersson.
3:35 of 3rd period - Shot Misses the Net.
3:35 of 3rd period - Puck is out of play.
3:36 of 3rd period - David Kampf wins face-off versus Alex Tuch in New York Rangers zone.
3:53 of 3rd period - Wrist shot by Alex Tuch.
3:53 of 3rd period - Stopped by Tristan Jarry with a rebound.
3:55 of 3rd period - Slapshot by Nick Leddy.
3:55 of 3rd period - Deflect By Tage Thompson.
3:55 of 3rd period - Stopped by Tristan Jarry with a rebound.
3:57 of 3rd period - Slapshot by Tage Thompson.
3:57 of 3rd period - Stopped by Tristan Jarry with a rebound.
3:59 of 3rd period - Snap shot by Adam Pelech.
3:59 of 3rd period - Stopped by Tristan Jarry with a rebound.
4:25 of 3rd period - Wrist shot by Elias Pettersson.
4:25 of 3rd period - Shot Misses the Net.
4:27 of 3rd period - Wrist shot by Mikhail Sergachev.
4:27 of 3rd period - Shot Blocked by David Kampf.
4:33 of 3rd period - Wrist shot by Tage Thompson.
4:33 of 3rd period - Stopped by Tristan Jarry with a rebound.
5:03 of 3rd period - Off-side.
5:04 of 3rd period - Robert Thomas wins face-off versus Pierre-Luc Dubois in neutral zone.
5:07 of 3rd period - Slapshot by Jake Sanderson.
5:07 of 3rd period - Stopped by Tristan Jarry without a rebound.
5:08 of 3rd period - Robert Thomas wins face-off versus Pierre-Luc Dubois in New York Rangers zone.
5:09 of 3rd period - Slapshot by Lawson Crouse.
5:09 of 3rd period - Stopped by Tristan Jarry without a rebound.
5:10 of 3rd period - Lawson Crouse wins face-off versus Pierre-Luc Dubois in New York Rangers zone.
5:13 of 3rd period - Wrist shot by Lawson Crouse.
5:13 of 3rd period - Deflect By Artemi Panarin.
5:13 of 3rd period - Shot Misses the Net.
5:13 of 3rd period - Puck is out of play.
5:14 of 3rd period - Robert Thomas wins face-off versus Pierre-Luc Dubois in New York Rangers zone.
5:31 of 3rd period - Lawson Crouse is hit by Artemi Panarin and loses puck.
6:16 of 3rd period - Snap shot by Evander Kane.
6:16 of 3rd period - Stopped by Tristan Jarry without a rebound.
6:17 of 3rd period - Filip Chytil wins face-off versus Mark Stone in New York Rangers zone.
6:17 of 3rd period - Filip Chytil is hit by Jack Eichel.
6:43 of 3rd period - Jake McCabe is hit by Alex Tuch and loses puck.
6:50 of 3rd period - Slapshot by Alex Tuch.
6:50 of 3rd period - Deflect By Filip Chytil.
6:50 of 3rd period - Stopped by Tristan Jarry without a rebound.
6:51 of 3rd period - Mikael Granlund wins face-off versus Jack Eichel in New York Rangers zone.
7:04 of 3rd period - Conor Garland is hit by Jake Guentzel and loses puck.
8:17 of 3rd period - Adam Pelech is hit by Conor Garland and loses puck.
9:02 of 3rd period - Off-side.
9:03 of 3rd period - Pierre-Luc Dubois wins face-off versus Tage Thompson in neutral zone.
9:39 of 3rd period - Wrist shot by Jake Guentzel.
9:39 of 3rd period - Shot Misses the Net.
9:50 of 3rd period - Icing by Jake Sanderson.
9:51 of 3rd period - Mikael Granlund wins face-off versus Jack Eichel in St.Louis Blues zone.
9:54 of 3rd period - Snap shot by Cole Caufield.
9:54 of 3rd period - Shot Hit the Post.
10:26 of 3rd period - Snap shot by Conor Garland.
10:26 of 3rd period - Stopped by Connor Hellebuyck with a rebound.
10:38 of 3rd period - Snap shot by Mark Stone.
10:38 of 3rd period - Shot Blocked by Andre Burakovsky.
10:50 of 3rd period - Snap shot by Jack Eichel.
10:50 of 3rd period - Stopped by Tristan Jarry without a rebound.
10:51 of 3rd period - Pierre-Luc Dubois wins face-off versus Robert Thomas in New York Rangers zone.
10:51 of 3rd period - Pierre-Luc Dubois is hit by Lawson Crouse.
11:10 of 3rd period - Minor Penalty to Adam Pelech for Diving.
11:11 of 3rd period - Artemi Panarin wins face-off versus Nico Sturm in St.Louis Blues zone.
11:34 of 3rd period - Cole Caufield is hit by Sean Kuraly.
11:51 of 3rd period - Wrist shot by Pierre-Luc Dubois.
11:51 of 3rd period - Shot Misses the Net.
11:53 of 3rd period - Slapshot by Adam Larsson.
11:53 of 3rd period - Shot Blocked by Nico Sturm.
13:10 of 3rd period - Penalty to Adam Pelech is over, Adam Pelech is back on ice.
13:29 of 3rd period - Tyler Motte is hit by Elias Pettersson and loses puck.
13:42 of 3rd period - Mathew Barzal is hit by Mark Stone and loses puck.
13:47 of 3rd period - Slapshot by Jake Guentzel.
13:47 of 3rd period - Deflect By Jack Eichel.
13:47 of 3rd period - Shot Misses the Net.
13:47 of 3rd period - Puck is out of play.
13:48 of 3rd period - Robert Thomas wins face-off versus David Kampf in New York Rangers zone.
14:08 of 3rd period - Wrist shot by Conor Garland.
14:08 of 3rd period - Shot Misses the Net.
14:22 of 3rd period - Wrist shot by Andre Burakovsky.
14:22 of 3rd period - Stopped by Connor Hellebuyck without a rebound.
14:22 of 3rd period - Minor Penalty to Connor Hellebuyck for Slashing.
14:23 of 3rd period - Nico Sturm wins face-off versus Artemi Panarin in St.Louis Blues zone.
14:38 of 3rd period - Icing by Cole Caufield.
14:39 of 3rd period - Artemi Panarin wins face-off versus Nico Sturm in New York Rangers zone.
15:00 of 3rd period - Yanni Gourde is hit by Adam Larsson and loses puck.
15:09 of 3rd period - Wrist shot by Artemi Panarin.
15:09 of 3rd period - Stopped by Connor Hellebuyck with a rebound.
15:13 of 3rd period - Snap shot by Artemi Panarin.
15:13 of 3rd period - Goal by Artemi Panarin - New York Rangers : 2 - St.Louis Blues : 2.
15:14 of 3rd period - Robert Thomas wins face-off versus Pierre-Luc Dubois in neutral zone.
15:41 of 3rd period - Slapshot by Andre Burakovsky.
15:41 of 3rd period - Stopped by Connor Hellebuyck without a rebound.
15:42 of 3rd period - Nico Sturm wins face-off versus Filip Chytil in St.Louis Blues zone.
15:49 of 3rd period - Snap shot by Gabriel Landeskog.
15:49 of 3rd period - Stopped by Connor Hellebuyck without a rebound.
15:50 of 3rd period - Nico Sturm wins face-off versus Mikael Granlund in St.Louis Blues zone.
16:15 of 3rd period - Lawson Crouse is hit by Pierre-Luc Dubois and loses puck.
16:45 of 3rd period - Icing by Alex Pietrangelo.
16:46 of 3rd period - Mikael Granlund wins face-off versus Alex Tuch in St.Louis Blues zone.
17:32 of 3rd period - Evander Kane is hit by Artemi Panarin.
18:14 of 3rd period - Snap shot by Artemi Panarin.
18:14 of 3rd period - Deflect By Pierre-Luc Dubois.
18:14 of 3rd period - Shot Misses the Net.
18:14 of 3rd period - Puck is out of play.
18:15 of 3rd period - Robert Thomas wins face-off versus Mikael Granlund in St.Louis Blues zone.
18:48 of 3rd period - Snap shot by Cole Caufield.
18:48 of 3rd period - Stopped by Connor Hellebuyck without a rebound.
18:49 of 3rd period - Nico Sturm wins face-off versus Filip Chytil in St.Louis Blues zone.
18:49 of 3rd period - Nico Sturm is hit by Gabriel Landeskog.
19:20 of 3rd period - Backhand shot by Jake Sanderson.
19:20 of 3rd period - Deflect By Pierre-Luc Dubois.
19:20 of 3rd period - Stopped by Tristan Jarry without a rebound.
19:21 of 3rd period - Pierre-Luc Dubois wins face-off versus Tage Thompson in New York Rangers zone.
Goals for this period are 1 for New York Rangers vs 0 for St.Louis Blues.
Shots for this period are 7 for New York Rangers vs 13 for St.Louis Blues.
Overtime #1
0:01 of 1st overtime period - Elias Pettersson wins face-off versus David Kampf in neutral zone.
0:12 of 1st overtime period - Snap shot by Elias Pettersson.
0:12 of 1st overtime period - Stopped by Tristan Jarry with a rebound.
0:14 of 1st overtime period - Slapshot by Jake Sanderson.
0:14 of 1st overtime period - Deflect By Cole Caufield.
0:14 of 1st overtime period - Stopped by Tristan Jarry with a rebound.
0:16 of 1st overtime period - Snap shot by Alex Pietrangelo.
0:16 of 1st overtime period - Shot Misses the Net.
0:26 of 1st overtime period - Adam Larsson is hit by Alex Tuch and loses puck.
0:31 of 1st overtime period - Snap shot by Robert Thomas.
0:31 of 1st overtime period - Stopped by Tristan Jarry without a rebound.
0:32 of 1st overtime period - Robert Thomas wins face-off versus Pierre-Luc Dubois in New York Rangers zone.
0:35 of 1st overtime period - Snap shot by Robert Thomas.
0:35 of 1st overtime period - Shot Blocked by Mathew Barzal.
0:37 of 1st overtime period - Slapshot by Colton Parayko.
0:37 of 1st overtime period - Stopped by Tristan Jarry without a rebound.
0:38 of 1st overtime period - Robert Thomas wins face-off versus Pierre-Luc Dubois in New York Rangers zone.
1:07 of 1st overtime period - Slapshot by Pierre-Luc Dubois.
1:07 of 1st overtime period - Shot Blocked by Alex Pietrangelo.
Goals for this period are 0 for New York Rangers vs 0 for St.Louis Blues.
Shots for this period are 0 for New York Rangers vs 4 for St.Louis Blues.
ShootOut
5:00 of 1st overtime period - Round #1.
5:00 of 1st overtime period - New York Rangers, Artemi Panarin.
5:00 of 1st overtime period - Snap shot by Artemi Panarin.
5:00 of 1st overtime period - Stopped by Connor Hellebuyck.
5:00 of 1st overtime period - St.Louis Blues, Elias Pettersson.
5:00 of 1st overtime period - Deke by Elias Pettersson.
5:00 of 1st overtime period - Shot Misses the Net.
5:00 of 1st overtime period - Round #2.
5:00 of 1st overtime period - New York Rangers, Cole Caufield.
5:00 of 1st overtime period - Deke by Cole Caufield.
5:00 of 1st overtime period - Stopped by Connor Hellebuyck.
5:00 of 1st overtime period - St.Louis Blues, Tage Thompson.
5:00 of 1st overtime period - Backhand shot by Tage Thompson.
5:00 of 1st overtime period - Stopped by Tristan Jarry.
5:00 of 1st overtime period - Round #3.
5:00 of 1st overtime period - New York Rangers, Pierre-Luc Dubois.
5:00 of 1st overtime period - Wrist shot by Pierre-Luc Dubois.
5:00 of 1st overtime period - Stopped by Connor Hellebuyck.
5:00 of 1st overtime period - St.Louis Blues, Alex Tuch.
5:00 of 1st overtime period - Snap shot by Alex Tuch.
5:00 of 1st overtime period - Stopped by Tristan Jarry.
5:00 of 1st overtime period - Round #4.
5:00 of 1st overtime period - New York Rangers, Mark Giordano.
5:00 of 1st overtime period - Wrist shot by Mark Giordano.
5:00 of 1st overtime period - Stopped by Connor Hellebuyck.
5:00 of 1st overtime period - St.Louis Blues, Jack Eichel.
5:00 of 1st overtime period - Backhand shot by Jack Eichel.
5:00 of 1st overtime period - Stopped by Tristan Jarry.
5:00 of 1st overtime period - Round #5.
5:00 of 1st overtime period - New York Rangers, David Kampf.
5:00 of 1st overtime period - Snap shot by David Kampf.
5:00 of 1st overtime period - Goal by David Kampf.
5:00 of 1st overtime period - St.Louis Blues, Jake Guentzel.
5:00 of 1st overtime period - Wrist shot by Jake Guentzel.
5:00 of 1st overtime period - Stopped by Tristan Jarry.
Back to the Top